AA - U28
PORTLAND SEA DOGS @ WICHITA PILOTS
06/10/2061
 
TOP OF THE 1ST
Quebec Metros batting - Pitching for Bowie Baysox : RHP Da'Shawn Evans
Pitching: RHP Da'Shawn Evans
Batting: RHB Adony Ortiz 0-0: Ball
1-0: Ball
2-0: Foul Ball, location: 2F
2-1: Foul Ball, location: 2F
2-2: Strikes out looking
Batting: RHB Yadir Carlos 0-0: Ground out 5-3 (Groundball, 56D, EV 98.1 MPH)
Batting: RHB Gunner Ware 0-0: Fly out, F7 (Flyball, 7S, EV 90.0 MPH)
Top of the 1st over - 0 runs, 0 hits, 0 errors, 0 left on base; Quebec 0 - Bowie 0
BOTTOM OF THE 1ST
Bowie Baysox batting - Pitching for Quebec Metros : RHP Tex Durham
Pitching: RHP Tex Durham
Batting: RHB Emerson Chinea 0-0: Ball
1-0: Called Strike
1-1: Foul Ball, location: 2F
1-2: SINGLE (Groundball, 56D, EV 95.0 MPH)
Batting: RHB Steny Gallo 0-0: Ball
1-0: Ball
2-0: Called Strike
2-1: Fly out, F7 (Line Drive, 7, EV 95.6 MPH)
Batting: RHB Jacob Shanley 0-0: Ball
1-0: Foul Ball, location: 2F
1-1: Ball
2-1: Ball
3-1: Foul Ball, location: 2F
3-2: Foul Ball, location: 2F
3-2: Base on Balls
Emerson Chinea to second
Batting: LHB Antony Alonso 0-0: Ball
1-0: Foul Ball, location: 2F
1-1: Ball
2-1: Ball
3-1: Base on Balls
Emerson Chinea to third
Jacob Shanley to second
Batting: RHB Andy Long 0-0: SINGLE (Groundball, 34D, EV 106.9 MPH)
Emerson Chinea scores
Jacob Shanley to third
Antony Alonso to second
Runner from 3rd tries for Home, SAFE, throw by RF to home
Batting: LHB Caden Anderson 0-0: Swinging Strike
0-1: Ball
1-1: Fly out, F8 (Flyball, 8RM, EV 83.1 MPH)
Batting: SHB Randy Heroux 0-0: Swinging Strike
0-1: Foul Ball, location: 2F
0-2: SINGLE (Groundball, 34D, EV 101.9 MPH)
Antony Alonso to third
Andy Long to second
Runner from 3rd tries for Home, SAFE, throw by RF to home
Batting: RHB Carson Sparks 0-0: Ball
1-0: Ball
2-0: Foul Ball, location: 2F
2-1: Swinging Strike
2-2: Ground out 3-1 (Groundball, 34, EV 86.9 MPH)
Bottom of the 1st over - 3 runs, 3 hits, 0 errors, 2 left on base; Quebec 0 - Bowie 3
TOP OF THE 2ND
Quebec Metros batting - Pitching for Bowie Baysox : RHP Da'Shawn Evans
Batting: LHB Kristoffer Pedersen 0-0: Foul Ball, location: 2F
0-1: Ball
1-1: DOUBLE (Line Drive, 7LS, EV 94.4 MPH)
Batting: LHB Rich Tice 0-0: Ball
1-0: Foul Ball, location: 2F
1-1: Swinging Strike
1-2: Foul Ball, location: 2F
1-2: Ball
2-2: Strikes out swinging
Batting: RHB Roberto Marquez 0-0: Ball
1-0: Swinging Strike
1-1: Fly out, F9 (Flyball, 9, EV 83.1 MPH)
Batting: RHB Joaquin Esqueda 0-0: Ball
1-0: Reached on error, E5 (Groundball, 15, EV 85.6 MPH)
Kristoffer Pedersen to third
Batting: RHB Jameson Metzker 0-0: SINGLE (Groundball, 56D, EV 101.9 MPH)
Kristoffer Pedersen scores
Joaquin Esqueda to second
Batting: RHB Tommy Wondra 0-0: Called Strike
0-1: Swinging Strike
0-2: Ball
1-2: Strikes out swinging
Top of the 2nd over - 1 run, 2 hits, 1 error, 2 left on base; Quebec 1 - Bowie 3
BOTTOM OF THE 2ND
Bowie Baysox batting - Pitching for Quebec Metros : RHP Tex Durham
Batting: RHB Ramon Pizarro 0-0: Foul Ball, location: 2F
0-1: Ball
1-1: DOUBLE (Groundball, 5L, EV 100.6 MPH)
Batting: RHB Emerson Chinea 0-0: Called Strike
0-1: Ball
Wild Pitch!
Ramon Pizarro to third
1-1: SINGLE (Groundball, 6MD, EV 88.1 MPH) (infield hit)
Ramon Pizarro scores
Batting: RHB Steny Gallo 0-0: Fly out, F8 (Line Drive, 8LM, EV 96.9 MPH)
Batting: RHB Jacob Shanley 0-0: Foul Ball, location: 2F
0-1: Ground out 5-3 (Groundball, 5S, EV 64.4 MPH)
Emerson Chinea to second
Batting: LHB Antony Alonso 0-0: Ball
1-0: Ball
2-0: Ball
3-0: Called Strike
3-1: Foul Ball, location: 2F
3-2: Base on Balls
Batting: RHB Andy Long 0-0: SINGLE (Line Drive, 7S, EV 87.5 MPH)
Emerson Chinea to third
Antony Alonso to second
Batting: LHB Caden Anderson 0-0: Called Strike
0-1: Foul Ball, location: 2F
0-2: Strikes out looking
Bottom of the 2nd over - 1 run, 3 hits, 0 errors, 3 left on base; Quebec 1 - Bowie 4
TOP OF THE 3RD
Quebec Metros batting - Pitching for Bowie Baysox : RHP Da'Shawn Evans
Batting: RHB Adony Ortiz 0-0: Ball
1-0: Ground out 5-3 (Groundball, 56S, EV 70.6 MPH)
Batting: RHB Yadir Carlos 0-0: Ball
1-0: Ball
2-0: Ball
3-0: Base on Balls
Batting: RHB Gunner Ware 0-0: Foul Ball, location: 2F
0-1: Called Strike
Yadir Carlos is caught stealing 2nd base 2-4
0-2: Ball
1-2: Ball
2-2: Ball
3-2: Strikes out swinging
Top of the 3rd over - 0 runs, 0 hits, 0 errors, 0 left on base; Quebec 1 - Bowie 4
BOTTOM OF THE 3RD
Bowie Baysox batting - Pitching for Quebec Metros : RHP Tex Durham
Batting: SHB Randy Heroux 0-0: Called Strike
0-1: Ball
1-1: Called Strike
1-2: Ball
2-2: Ground out 6-3 (Groundball, 6M, EV 101.2 MPH)
Batting: RHB Carson Sparks 0-0: Ground out 4-3 (Groundball, 4, EV 83.8 MPH)
Batting: RHB Ramon Pizarro 0-0: SINGLE (Groundball, 6MD, EV 106.9 MPH)
Batting: RHB Emerson Chinea 0-0: Ball
1-0: Ball
2-0: Foul Ball, location: 2F
2-1: Ball
3-1: Fly out, F8 (Flyball, 8LM, EV 91.9 MPH)
Bottom of the 3rd over - 0 runs, 1 hit, 0 errors, 1 left on base; Quebec 1 - Bowie 4
TOP OF THE 4TH
Quebec Metros batting - Pitching for Bowie Baysox : RHP Da'Shawn Evans
Batting: LHB Kristoffer Pedersen 0-0: Called Strike
0-1: Foul Ball, location: 2F
0-2: Ball
1-2: Foul Ball, location: 2F
1-2: Ball
2-2: Ball
3-2: Foul Ball, location: 2F
3-2: Strikes out swinging
Batting: LHB Rich Tice 0-0: Foul Ball, location: 2F
0-1: Ball
1-1: Ball
2-1: Called Strike
2-2: DOUBLE (Groundball, 3L, EV 96.2 MPH)
Batting: RHB Roberto Marquez 0-0: Called Strike
0-1: Called Strike
0-2: Ball
1-2: Foul Ball, location: 2F
1-2: Ball
2-2: Ball
3-2: Strikes out looking
Batting: RHB Joaquin Esqueda 0-0: Swinging Strike
0-1: Foul Ball, location: 2F
0-2: Ball
1-2: Ball
2-2: Ball
3-2: SINGLE (Line Drive, 34, EV 106.2 MPH)
Rich Tice to third
Batting: RHB Jameson Metzker 0-0: Ball
1-0: Ball
2-0: Called Strike
2-1: Foul Ball, location: 2F
2-2: Strikes out looking
Top of the 4th over - 0 runs, 2 hits, 0 errors, 2 left on base; Quebec 1 - Bowie 4
BOTTOM OF THE 4TH
Bowie Baysox batting - Pitching for Quebec Metros : RHP Tex Durham
Batting: RHB Steny Gallo 0-0: Called Strike
0-1: Ball
1-1: DOUBLE (Flyball, 89D, EV 101.2 MPH)
Batting: RHB Jacob Shanley 0-0: Ball
1-0: Ground out 5-3 (Groundball, 56S, EV 69.4 MPH)
Steny Gallo to third
Batting: LHB Antony Alonso 0-0: Fly out, F8 (Flyball, 8LD, EV 107.5 MPH)
Runner from 3rd tags up, SCORES, throw by CF
Batting: RHB Andy Long 0-0: Fly out, F8 (Flyball, 8RD, EV 88.8 MPH)
Bottom of the 4th over - 1 run, 1 hit, 0 errors, 0 left on base; Quebec 1 - Bowie 5
TOP OF THE 5TH
Quebec Metros batting - Pitching for Bowie Baysox : RHP Da'Shawn Evans
Batting: RHB Tommy Wondra 0-0: Ball
1-0: Fly out, F9 (Flyball, 9, EV 80.6 MPH)
Batting: RHB Adony Ortiz 0-0: Ball
1-0: Swinging Strike
1-1: Called Strike
1-2: Foul Ball, location: 2F
1-2: Ball
2-2: Foul Ball, location: 2F
2-2: Foul Ball, location: 2F
2-2: Ball
3-2: Ground out 5-3 (Groundball, 56S, EV 62.5 MPH)
Batting: RHB Yadir Carlos 0-0: Called Strike
0-1: Ball
1-1: Ball
2-1: Ball
3-1: SINGLE (Line Drive, 6MD, EV 101.2 MPH)
Batting: RHB Gunner Ware 0-0: Called Strike
0-1: Ball
Yadir Carlos is caught stealing 2nd base 2-4
Top of the 5th over - 0 runs, 1 hit, 0 errors, 0 left on base; Quebec 1 - Bowie 5
BOTTOM OF THE 5TH
Bowie Baysox batting - Pitching for Quebec Metros : RHP Tex Durham
Pitching: RHP Herman Cantrell
Batting: LHB Caden Anderson 0-0: Ball
1-0: Ball
2-0: Called Strike
2-1: DOUBLE (Line Drive, 5D, EV 97.5 MPH)
Batting: SHB Randy Heroux 0-0: Ball
1-0: Bunted foul
1-1: Bunt missed!
1-2: Ball
2-2: Foul Ball, location: 2F
2-2: Strikes out swinging
Batting: RHB Carson Sparks 0-0: Ground out 4-3 (Groundball, 4, EV 80.0 MPH)
Caden Anderson to third
Batting: RHB Ramon Pizarro 0-0: SINGLE (Flyball, 6D, EV 89.4 MPH)
Caden Anderson scores
Batting: RHB Emerson Chinea 0-0: Ball
1-0: Called Strike
1-1: Ball
2-1: DOUBLE (Line Drive, 9LM, EV 111.2 MPH)
Ramon Pizarro to third
Batting: RHB Steny Gallo 0-0: Swinging Strike
0-1: Ball
1-1: SINGLE (Groundball, 56S, EV 61.9 MPH) (infield hit)
Ramon Pizarro scores
Emerson Chinea to third
Batting: RHB Jacob Shanley 0-0: Called Strike
0-1: Ball
1-1: Ball
2-1: Ground out 5-3 (Groundball, 56S, EV 69.4 MPH)
Bottom of the 5th over - 2 runs, 4 hits, 0 errors, 2 left on base; Quebec 1 - Bowie 7
TOP OF THE 6TH
Quebec Metros batting - Pitching for Bowie Baysox : RHP Da'Shawn Evans
Batting: RHB Gunner Ware 0-0: Ball
1-0: Swinging Strike
1-1: Swinging Strike
1-2: Strikes out looking
Batting: LHB Kristoffer Pedersen 0-0: Fly out, F9 (Flyball, 89M, EV 73.1 MPH)
Batting: LHB Rich Tice 0-0: Called Strike
0-1: Called Strike
0-2: Foul Ball, location: 2F
0-2: Ball
1-2: Strikes out looking
Top of the 6th over - 0 runs, 0 hits, 0 errors, 0 left on base; Quebec 1 - Bowie 7
BOTTOM OF THE 6TH
Bowie Baysox batting - Pitching for Quebec Metros : RHP Herman Cantrell
Batting: LHB Antony Alonso 0-0: Called Strike
0-1: Ball
1-1: Ball
2-1: Called Strike
2-2: Strikes out swinging
Batting: RHB Andy Long 0-0: Called Strike
0-1: Swinging Strike
0-2: Foul Ball, location: 2F
0-2: Foul Ball, location: 2F
0-2: Strikes out swinging
Batting: LHB Caden Anderson 0-0: Ball
1-0: Ball
2-0: SINGLE (Line Drive, 8LS, EV 104.4 MPH)
Pitching: LHP Gordon Carlin
Batting: SHB Randy Heroux 0-0: DOUBLE (Line Drive, 7LS, EV 98.8 MPH)
Caden Anderson to third
Runner from 3rd tries for Home, SAFE, no throw by LF
Batting: RHB Carson Sparks 0-0: Foul Ball, location: 2F
0-1: Foul Ball, location: 2F
0-2: Strikes out swinging
Bottom of the 6th over - 1 run, 2 hits, 0 errors, 1 left on base; Quebec 1 - Bowie 8
TOP OF THE 7TH
Quebec Metros batting - Pitching for Bowie Baysox : RHP Da'Shawn Evans
Batting: RHB Roberto Marquez 0-0: Ball
1-0: Swinging Strike
1-1: Foul Ball, location: 2F
1-2: Ball
2-2: Ground out U3 (Groundball, 3S, EV 80.6 MPH)
Pitching: RHP Cameron Flory
Batting: RHB Joaquin Esqueda 0-0: Called Strike
0-1: Foul Ball, location: 2F
0-2: Strikes out swinging
Batting: RHB Jameson Metzker 0-0: Ball
1-0: Foul Ball, location: 2F
1-1: Foul Ball, location: 2F
1-2: Ball
2-2: SINGLE (Flyball, 5D, EV 90.0 MPH)
Batting: RHB Tommy Wondra 0-0: Foul Ball, location: 2F
0-1: Ball
1-1: Ball
2-1: Called Strike
2-2: Foul Ball, location: 2F
2-2: Strikes out looking
Top of the 7th over - 0 runs, 1 hit, 0 errors, 1 left on base; Quebec 1 - Bowie 8
BOTTOM OF THE 7TH
Bowie Baysox batting - Pitching for Quebec Metros : LHP Gordon Carlin
Batting: RHB Ramon Pizarro 0-0: Ball
1-0: Foul Ball, location: 2F
1-1: Fly out, F4 (Line Drive, 4, EV 70.6 MPH)
Batting: RHB Emerson Chinea 0-0: Called Strike
0-1: Swinging Strike
0-2: Ball
1-2: Strikes out swinging, 2-3 out at first.
Batting: RHB Steny Gallo 0-0: Ball
1-0: Ground out 1-3 (Groundball, 13S, EV 65.6 MPH)
Bottom of the 7th over - 0 runs, 0 hits, 0 errors, 0 left on base; Quebec 1 - Bowie 8
TOP OF THE 8TH
Quebec Metros batting - Pitching for Bowie Baysox : RHP Cameron Flory
Batting: RHB Adony Ortiz 0-0: Called Strike
0-1: Ball
1-1: Ground out 3-1 (Groundball, 34, EV 107.5 MPH)
Batting: RHB Yadir Carlos 0-0: Ball
1-0: DOUBLE (Line Drive, 9LM, EV 99.4 MPH)
Batting: RHB Gunner Ware 0-0: Ball
1-0: Ball
2-0: Ball
3-0: Called Strike
3-1: Base on Balls
Batting: LHB Kristoffer Pedersen 0-0: Swinging Strike
0-1: Ball
1-1: Called Strike
1-2: Foul Ball, location: 2F
1-2: Strikes out swinging
Batting: LHB Rich Tice 0-0: Foul Ball, location: 2F
0-1: Fly out, F7 (Flyball, 7, EV 86.2 MPH)
Top of the 8th over - 0 runs, 1 hit, 0 errors, 2 left on base; Quebec 1 - Bowie 8
BOTTOM OF THE 8TH
Bowie Baysox batting - Pitching for Quebec Metros : LHP Gordon Carlin
Batting: RHB Jacob Shanley 0-0: Called Strike
0-1: Foul Ball, location: 2F
0-2: Ball
1-2: Ball
2-2: Fly out, F8 (Flyball, 8RM, EV 89.4 MPH)
Batting: LHB Antony Alonso 0-0: Called Strike
0-1: Ball
1-1: Called Strike
1-2: Ball
2-2: Strikes out swinging
Batting: RHB Andy Long 0-0: Called Strike
0-1: Ball
1-1: Ball
2-1: Ball
3-1: Foul Ball, location: 2F
3-2: Fly out, F8 (Line Drive, 8RD, EV 90.0 MPH)
Bottom of the 8th over - 0 runs, 0 hits, 0 errors, 0 left on base; Quebec 1 - Bowie 8
TOP OF THE 9TH
Quebec Metros batting - Pitching for Bowie Baysox : RHP Cameron Flory
Batting: RHB Roberto Marquez 0-0: Called Strike
0-1: Ball
1-1: Ball
2-1: Called Strike
2-2: Ball
3-2: Strikes out swinging
Batting: RHB Joaquin Esqueda 0-0: Called Strike
0-1: Ball
1-1: Ground out U3 (Groundball, 3, EV 98.8 MPH)
Batting: RHB Jameson Metzker 0-0: Ball
1-0: Called Strike
1-1: Ball
2-1: Foul Ball, location: 2F
2-2: Ground out 3-1 (Groundball, 34S, EV 80.6 MPH)
Top of the 9th over - 0 runs, 0 hits, 0 errors, 0 left on base; Quebec 1 - Bowie 8
Wednesday, March 19th , 2025 - OOTP Baseball 25.11 Build 104